Workbook

Sheet FN - diasp
C2: CASH-FLOW
B3: Nr. crt. | C3: Explicaţii / an | D3: AN 2018 | E3: AN 2019 | F3: AN 2020
B4: I | C4: Sold iniţial disponibil (casă şi bancă) | D4: 200 | E4: =D31 -> 141976 | F4: =E31 -> 170254.67
B5: A | C5: Intrări de lichidităţi (1+2+3+4) | D5: 553667 | E5: =SUM(E6:E9) -> 420000 | F5: =SUM(F6:F9) -> 500000
B6: 1 | C6: din vânzări | D6: =venituri!O10 -> 380000 | E6: =venituri!P10 -> 420000 | F6: =venituri!Q10 -> 500000
B7: 2 | C7: din credite primite
B8: 3 | C8: alte intrări de numerar (aport propriu, etc.)
B9: 4 | C9: Alocaţie Financiară nerambursabilă | D9: 178340
C10: Total disponibil (I+A) | D10: =D4+D5 -> 553867 | E10: =E4+E5 -> 561976 | F10: =F4+F5 -> 670254.67
B11: B | C11: Utilizari numerar din exploatare | D11: 357530 | E11: =SUM(E12:E19) -> 387521.33 | F11: =SUM(F12:F19) -> 436321.33
B12: 1 | C12: Cheltuieli cu materii prime şi materiale consumabile aferente activităţii desfaşurate | D12: ='SCV - diasp'!C8 -> 231800 | E12: ='SCV - diasp'!D8 -> 256200 | F12: ='SCV - diasp'!E8 -> 305000
B13: 2 | C13: Salarii (inclusiv cheltuielile aferente) | D13: 81388 | E13: 81388 | F13: 81388
B14: 3 | C14: Chirii | D14: 27600 | E14: 27600 | F14: 27600
B15: 4 | C15: Utilităţi | D15: ='SCV - diasp'!C13 -> 8100 | E15: ='SCV - diasp'!D13 -> 10800 | F15: ='SCV - diasp'!E13 -> 10800
B16: 5 | C16: Costuri funcţionare birou, Cheltuieli de marketing, Servicii cu terţii, Reparaţii/Întreţinere | D16: ='SCV - diasp'!C14 -> 11081 | E16: ='SCV - diasp'!D14 -> 6800 | F16: ='SCV - diasp'!E14 -> 6800
B17: 6 | C17: Asigurări | D17: ='SCV - diasp'!C15 -> 1500 | E17: ='SCV - diasp'!D15 -> 1500 | F17: ='SCV - diasp'!E15 -> 1500
B18: 7 | C18: Impozite, taxe şi vărsăminte asimilate | D18: 0 | E18: 0 | F18: 0
B19: 8 | C19: Alte cheltuieli | D19: 3300 | E19: ='SCV - diasp'!D17 -> 3233.3333 | F19: ='SCV - diasp'!E17 -> 3233.3333
B20: C | C20: Cheltuieli pentru investiţii (Valoarea totală a proiectului) | D20: 50561 | E20: 0 | F20: 0
B21: D | C21: Credite
C22: rambursări rate de credit scadente
C23: dobânzi şi comisioane
B24: E | C24: Plăţi/încasări pentru impozite şi taxe (1-2+3) | D24: 3800 | E24: 4200 | F24: 5000
B25: 1 | C25: Plăţi TVA
B26: 2 | C26: Rambursări TVA
B27: 3 | C27: Impozit pe profit/cifră de afaceri | D27: 3800 | E27: 4200 | F27: 5000
B28: F | C28: Dividende
B29: G | C29: Total utilizări numerar (B+C+D+E+F) | D29: =D11+D20+D21+D24+D28 -> 411891 | E29: =E11+E20+E21+E24+E28 -> 391721.33 | F29: =F11+F20+F21+F24+F28 -> 441321.33
B30: H | C30: Flux net de lichidităţi (A-G) | D30: =D5-D29 -> 141776 | E30: =E5-E29 -> 28278.667 | F30: =F5-F29 -> 58678.667
B31: II | C31: Sold final disponibil (I+H) | D31: =D30+D4 -> 141976 | E31: =E30+E4 -> 170254.67 | F31: =F30+F4 -> 228933.33

Sheet SCV - diasp
A2: CONTUL DE PROFIT ȘI PIERDERE PRESCURTAT
C3: AN 2019 | D3: AN 2020 | E3: AN 2021
A4: 1 | B4: 1. Cifra de afaceri netă
A5: 2 | B5: VENITURI DIN EXPLOATARE | C5: =venituri!O10 -> 380000 | D5: =venituri!P10 -> 420000 | E5: =venituri!Q10 -> 500000
A6: 3 | B6: Alte venituri din exploatare | C6: 0 | D6: 0 | E6: 0
A7: 4 | B7: VENITURI DIN EXPLOATARE – TOTAL rd.2+3 | C7: =SUM(C5:C6) -> 380000 | D7: =SUM(D5:D6) -> 420000 | E7: =SUM(E5:E6) -> 500000
A8: 5 | B8: Cheltuieli cu materii prime/marfuri şi materiale consumabile aferente activităţii desfaşurate | C8: =cheltuieli!N5+cheltuieli!N6 -> 231800 | D8: =cheltuieli!O5+cheltuieli!O6 -> 256200 | E8: =cheltuieli!P5+cheltuieli!P6 -> 305000
A9: 6 | B9: Salarii (inclusiv cheltuielile aferente) | C9: 81388 | D9: 81388 | E9: 81388
B10: Salarii nete | C10: =C9*57.2% -> 46553.936 | D10: =D9*57.2% -> 46553.936 | E10: =E9*57.2% -> 46553.936
B11: Cheltuieli cu salariile | C11: =C9*42.8% -> 34834.064 | D11: =D9*42.8% -> 34834.064 | E11: =E9*42.8% -> 34834.064
A12: 7 | B12: Chirii | C12: 27600 | D12: 27600 | E12: 27600
A13: 8 | B13: Utilităţi si cheltuieli de transport | C13: =cheltuieli!N8+cheltuieli!N10 -> 8100 | D13: =cheltuieli!O8+cheltuieli!O10 -> 10800 | E13: =cheltuieli!P8+cheltuieli!P10 -> 10800
A14: 9 | B14: Costuri funcţionare birou, Cheltuieli de marketing, Reparaţii/Întreţinere | C14: 11081 | D14: =cheltuieli!O14+cheltuieli!O17 -> 6800 | E14: =cheltuieli!P14+cheltuieli!P17 -> 6800
A15: 10 | B15: Asigurări | C15: =cheltuieli!N19 -> 1500 | D15: =cheltuieli!O19 -> 1500 | E15: =cheltuieli!P19 -> 1500
A16: 11 | B16: Impozite, taxe şi vărsăminte asimilate, Impozitul pe profit | C16: =1%*C7 -> 3800 | D16: =1%*D7 -> 4200 | E16: =1%*E7 -> 5000
A17: 12 | B17: Alte cheltuieli ( amortizare si ch cu ob de inventar) | C17: 40000 | D17: =cheltuieli!K19+cheltuieli!K23+cheltuieli!O22 -> 3233.3333 | E17: =cheltuieli!L19+cheltuieli!L23+cheltuieli!P22 -> 3233.3333
A18: 13 | B18: TOTAL CHELTUIELI( RD.5-12) | C18: =C8+C9+C12+C13+C14+C15+C16+C17 -> 405269 | D18: =D8+D9+D12+D13+D14+D15+D16+D17 -> 391721.33 | E18: =E8+E9+E12+E13+E14+E15+E16+E17 -> 441321.33
A19: 14 | B19: PROFITUL SAU PIERDEREA DIN EXPLOATARE:
A20: 15 | B20: Profit ( RD.4-13) | C20: =C7-C18 -> -25269 | D20: =D7-D18 -> 28278.667 | E20: =E7-E18 -> 58678.667 | H20: An 2019 | I20: An 2020 | J20: An 2021
A21: 16 | B21: Pierdere (RD.13-4) | G21: Venituri Totale | H21: =C7 -> 380000 | I21: =D7 -> 420000 | J21: =E7 -> 500000
A22: 17 | B22: VENITURI FINANCIARE – TOTAL | C22: 0 | G22: Cheltuieli Totale | H22: =C18 -> 405269 | I22: =D18 -> 391721.33 | J22: =E18 -> 441321.33
A23: 18 | B23: CHELTUIELI FINANCIARE - TOTAL | C23: 0 | G23: Profit/Pierdere | H23: =H21-H22 -> -25269 | I23: =I21-I22 -> 28278.667 | J23: =J21-J22 -> 58678.667
A24: 19 | B24: PROFITUL SAU PIERDEREA FINANCIAR(Ă) (RD,17-18) | C24: =C22-C23 -> 0 | D24: =D22-D23 -> 0 | E24: =E22-E23 -> 0
A25: 20 | B25: VENITURI TOTALE (RD.4+17) | C25: =C22+C7 -> 380000 | D25: =D22+D7 -> 420000 | E25: =E22+E7 -> 500000 | H25: An 2018 | I25: An 2019 | J25: An 2020
A26: 21 | B26: CHELTUIELI TOTALE (RD,13+18) | C26: =C18+C23 -> 405269 | D26: =D18+D23 -> 391721.33 | E26: =E18+E23 -> 441321.33 | G26: marja de profit | H26: =H23/H21 -> -0.066497368 | I26: =I23/I21 -> 0.067330159 | J26: =J23/J21 -> 0.11735733
A27: 22 | B27: 18. PROFITUL SAU PIERDEREA BRUT(Ă):
A28: 23 | B28: Profit ( Rd,20-21) | C28: =C25-C26 -> -25269 | D28: =D25-D26 -> 28278.667 | E28: =E25-E26 -> 58678.667
A29: 24 | B29: Pierdere (rd.21-20)
B32: Se completeaza in LEI FARA ZECIMALE
B33: UNDE NU SUNT COSTURI VA RUGAM SA INTRODUCETI 0
B34: NU SE COMPLTEAZA pentru ca se fac calcule automat

Sheet Utiliz Sv
B2: Nr. Crt. | C2: Element de investiţie/ Cheltuieli operationale | D2: Total -RON | E2: Cheltuieli prevazute a fi realizate in transa 1 | F2: Cheltuieli prevazute a fi realizate in transa 2 | G2: Comentarii MD
B3: 1. Cheltuieli cu salariile personalului nou angajat
B4: 1.1 | C4: Cheltuieli salariale | D4: ='an 1'!P6 -> 46565 | E4: =D4/3*2 -> 31043.333 | F4: =D4-E4 -> 15521.667 | G4: Bugetul de salarii trebuie revizuit conform legislatiei aplicabile in 2019
B5: 1.2 | C5: Onorarii/venituri asimilate salariilor pentru experti proprii/cooptati - salariul net | D5: 0
B6: 1.3 | C6: Contributii sociale aferente cheltuielilor salariale si cheltuielilor asimilate acestora (contributii angajati si angajatori) | D6: ='an 1'!P15 -> 34823 | E6: =D6/3*2 -> 23215.333 | F6: =D6-E6 -> 11607.667 | G6: pentru plata salariilor se utilizeaza subventia, salariile nete se transfera in contul angajatilor, taxele se platesc la bugetul statului
B7: 1 | C7: TOTAL Cheltuieli cu salariile personalului nou angajat | D7: =D4+D5+D6 -> 81388 | E7: =E4+E5+E6 -> 54258.667 | F7: =F4+F5+F6 -> 27129.333
B8: 2. Cheltuieli cu deplasarea personalului intreprinderilor nou-infiintate
B9: 2.1 | C9: Cheltuieli pentru transportul persoanelor (inclusiv transportul efectuat cu mijloacele de transport in comun sau taxi, gara, autogara sau port si locul delegarii ori locul de cazare, precum si transportul efectuat pe distanta dintre locul de cazare si loc
B10: 2.2 | C10: Cheltuieli cu diurna personalului propriu
B11: 2.3 | C11: Cheltuieli pentru transportul persoanelor (inclusiv transportul efectuat cu mijloacele de transport in comun sau taxi, gara, autogara sau port si locul delegarii ori locul de cazare, precum si transportul efectuat pe distanta dintre locul de cazare si locul delegarii) | F11: 0
B12: 2.4 | C12: Taxe si asigurari de calatorie si asigurari medicale aferente deplasarii
B13: 2 | C13: TOTAL Cheltuieli cu deplasarea personalului intreprinderilor nou-infiintate | E13: =E11+E12 -> 0 | F13: =F11+F12 -> 0 | G13: incasari/ contributie proprie
B14: 3. Cheltuieli aferente diverselor achizitii de servicii specializate, pentru care beneficiarul ajutorului de minimis nu are expertiza necesara
B15: 3.1 | C15: Cheltuieli juridice de infiintare firma - mai putin Capitalul social | D15: ='an 1'!P36 -> 0 | G15: Vezi comentarii cap 3.
B16: 3.2. | C16: Cheltuieli cu documentatia de avizare a functionarii firme si cu autorizarea | D16: ='an 1'!P37 -> 0 | E16: =D16 -> 0
B17: 3.3. | C17: Cheltuieli cu securizarea spatiului de lucru
B18: 3.4. | C18: Cheltuieli cu serviciile de contabilitate | D18: ='an 1'!P34 -> 4400 | E18: =D18/2 -> 2200 | F18: =E18 -> 2200
B19: 3 | C19: TOTAL Cheltuieli aferente diverselor achizitii de servicii specializate, pentru care beneficiarul ajutorului de minimis nu are expertiza necesara | D19: =SUM(D15:D18) -> 4400 | E19: =SUM(E15:E18) -> 2200 | F19: =SUM(F15:F18) -> 2200
B20: 4. Cheltuieli cu achizitia de active fixe corporale (altele decat terenuri si imobile), obiecte de inventar, materii prime si materiale, inclusiv materiale consumabile, alte cheltuieli pentru investitii necesare functionarii intreprinderilor
B21: 4.1. | C21: Masini si echipamente de Productie/ Prestari servicii | D21: =SUM('an 1'!E42:E44)+'an 1'!E46+'an 1'!E49 -> 18376 | E21: =D21 -> 18376 | G21: Nota: Buget detaliat revizuit al investitiei
B22: 4.2. | C22: Echipamente IT | D22: ='an 1'!E45 -> 4800 | E22: =D22 -> 4800 | G22: dosare de achizitii
B23: 4.3. | C23: Mobilier | D23: ='an 1'!E41 -> 16000 | E23: =D23 -> 16000
B24: 4.4. | C24: Investitia - Active necorporale programe | D24: ='an 1'!E47 -> 2500 | E24: =D24 -> 2500
B25: 4.5. | C25: Obiecte de inventar ( valoare achizitie <2500 lei TVA inclus) | D25: =SUM('an 1'!E50:E65)+'an 1'!E48 -> 13930 | E25: =D25 -> 13930
B26: 4.6. | C26: Amanenajari spatii de Productie /Prestari servicii/Comert | D26: 0 | E26: =D26 -> 0
B27: 4.7. | C27: Materii prime anul 1
B28: 4 | C28: TOTAL Cheltuieli cu achizitia de active fixe corporale (altele decat terenuri si imobile), obiecte de inventar, materii prime si materiale, inclusiv materiale consumabile, alte cheltuieli pentru investitii necesare functionarii intreprinderilor | D28: =SUM(D21:D27) -> 55606 | E28: =SUM(E21:E27) -> 55606 | F28: =SUM(F21:F27) -> 0
B29: 5. Cheltuieli cu inchirierea de sedii (inclusiv depozite), spatii pentru desfasurarea diverselor activitati ale intreprinderii, echipamente, vehicule, diverse bunuri mobile si imobile)
B30: 5.1 | C30: Cheltuieli cu chiria sediu social/punctului de lucru | D30: ='an 1'!P66 -> 27600 | E30: =D30/2 -> 13800 | F30: =E30 -> 13800
B31: 5 | C31: TOTAL Cheltuieli cu inchirierea de sedii (inclusiv depozite), spatii pentru desfasurarea diverselor activitati ale intreprinderii, echipamente, vehicule, diverse bunuri mobile si imobile) | D31: ='an 1'!P66 -> 27600 | E31: =D31/2 -> 13800 | F31: =E31 -> 13800 | G31: decontat din subventie pe baza de contract de inchiriere prin transfer bancar
B32: 6. Cheltuieli de leasing fara achizitie (leasing operational) aferente functionarii intreprinderilor (rate de leasing operational platite de intreprinderea pentru: echipamente, vehicule, diverse bunuri mobile si imobile)
B33: 6.1 | C33: Descriere cheltuială …………….
B34: 6.2 | C34: Descriere cheltuială …………….
B35: 6 | C35: TOTAL Cheltuieli de leasing fara achizitie (leasing operational) aferente functionarii intreprinderilor (rate de leasing operational platite de intreprinderea pentru: echipamente, vehicule, diverse bunuri mobile si imobile) | D35: 0 | E35: 0 | F35: 0
B36: 7. Utilitati aferente functionarii intreprinderilor
B37: 7.1 | C37: Cheltuieli cu utilitati anul 1 | D37: ='an 1'!P77 -> 1100 | E37: =D37/2 -> 550 | F37: =E37 -> 550
B38: 7.2 | C38: Descriere cheltuială …………….
B39: 7 | C39: TOTAL Utilitati aferente functionarii intreprinderilor | D39: =D37 -> 1100 | E39: =E37 -> 550 | F39: =F37 -> 550
B40: 8. Servicii de administrare a cladirilor aferente functionarii intreprinderilor
B41: 8.1 | C41: Descriere cheltuială …………….
B42: 8.2 | C42: Descriere cheltuială …………….
B43: 8 | C43: TOTAL Servicii de administrare a cladirilor aferente functionarii intreprinderilor | D43: 0 | E43: 0 | F43: 0
B44: 9. Servicii de intretinere si reparare de echipamente si mijloace de transport aferente functionarii intreprinderilor
B45: 9.1 | C45: Descriere cheltuială …………….
B46: 9.2 | C46: Descriere cheltuială …………….
B47: 9 | C47: TOTAL Servicii de intretinere si reparare de echipamente si mijloace de transport aferente functionarii intreprinderilor | D47: 0 | E47: 0 | F47: 0
B48: 10. Arhivare de documente aferente functionarii intreprinderilor
B49: 10.1 | C49: Descriere cheltuială …………….
B50: 10.2 | C50: Descriere cheltuială …………….
B51: 10 | C51: TOTAL Arhivare de documente aferente functionarii intreprinderilor | D51: 0 | E51: 0 | F51: 0
B52: 11. Amortizare de active aferente functionarii intreprinderilor
B53: 11 | C53: Amorizare investitie | D53: ='an 1'!P88 -> 0
C54: TOTAL Amortizare de active aferente functionarii intreprinderilor | D54: =D53 -> 0 | E54: 0 | F54: 0 | G54: amortizarea nu se deconteaza din subventie
B55: 12. Cheltuieli financiare si juridice (notariale) aferente functionarii intreprinderilor
B56: 12.1 | C56: Descriere cheltuială …………….
B57: 12.2 | C57: Descriere cheltuială …………….
B58: 12 | C58: TOTAL Cheltuieli financiare si juridice (notariale) aferente functionarii intreprinderilor | D58: 0 | E58: 0 | F58: 0
B59: 13. Conectare la retele informatice aferente functionarii intreprinderilor
B60: 13.1 | C60: Descriere cheltuială …………….
B61: 13.2 | C61: Descriere cheltuială …………….
B62: 13 | C62: TOTAL Conectare la retele informatice aferente functionarii intreprinderilor | D62: 0 | E62: 0 | F62: 0
B63: 14. Cheltuieli de informare si publicitate aferente functionarii intrerpinderilor
B64: 14.1 | C64: Cheltuieli de marketing anul 1 | D64: ='an 1'!P94 -> 11081 | E64: =('an 1'!P94-3741) -> 7340 | F64: 906 | G64: bugetul de marketing va fi completat cu resurse din incasarile firmei
B65: 14.2 | C65: Descriere cheltuială …………….
B66: 14 | C66: TOTAL Cheltuieli de informare si publicitate aferente functionarii intrerpinderilor | D66: =D64 -> 11081 | E66: =E64 -> 7340 | F66: 906
B67: 15. Alte cheltuieli aferente functionarii intreprinderilor
B68: 15.1 | C68: Prelucrarea de date
B69: 15.2 | C69: Intretinere, actualizare si dezvoltare de aplicatii informatice
B70: 15.3 | C70: Achizitionare de publicatii, carti, reviste de specialitate relevante pentru operatiune, in format tiparit si /sau electronic
B71: 15.4 | C71: Concesiuni, brevete, licente, marci comerciale, drepturi si active similare
B72: 15.5 | C72: Cheltuieli de transport: aprovizionare si desfacere | D72: 0
B73: 15 | C73: TOTAL Alte cheltuieli aferente functionarii intreprinderilor | D73: 0 | E73: 0 | F73: 0
C74: TOTAL GENERAL | D74: =D73+D66+D62+D58+D53+D51+D47+D43+D39+D35+D31+D28+D19+D13+D7 -> 181175 | E74: =E73+E66+E62+E58+E53+E51+E47+E43+E39+E35+E31+E28+E19+E13+E7 -> 133754.67 | F74: =F73+F66+F62+F58+F53+F51+F47+F43+F39+F35+F31+F28+F19+F13+F7 -> 44585.333 | H74: =E75-E74 -> 0.33333333 | I74: =F75-F74 -> -0.33333333
B75: Total subventie transa I si II | D75: 178340 | E75: 133755 | F75: 44585
E76: =E75-E74 -> 0.33333333 | F76: =F75-F74 -> -0.33333333

Sheet an 1
Q1: =4000*57.2% -> 2288
Q2: =4000-Q1 -> 1712
B3: R. Cristescu COSTURI ACCEPTATE LA FINANTARE - previziune 12 luni | Q3: =P5-Q5 -> -39220
D4: Luna 1 | E4: Luna 2 | F4: Luna 3 | G4: Luna 4 | H4: Luna 5 | I4: Luna 6 | J4: Luna 7 | K4: Luna 8 | L4: Luna 9 | M4: Luna 10 | N4: Luna 11 | O4: Luna 12 | P4: total anul inv | Q4: corelare cu planul de afaceri | R4: Recomandari revizuire/ actualizare buget
B5: 1. Cheltuieli cu salariile personalului nou-angajat | D5: 0 | E5: =E6+E15 -> 4397 | F5: =F6+F15 -> 4397 | G5: =G6+G15 -> 8066 | H5: =H6+H15 -> 8066 | I5: =I6+I15 -> 8066 | J5: =J6+J15 -> 8066 | K5: =K6+K15 -> 8066 | L5: =L6+L15 -> 8066 | ... P5: =P6+P15 -> 81388 | Q5: =SUM(Q7:Q17) -> 120608 | R5: 1. Revizuiti bugetul de salarii functie de legislatia aplicabila de la 01.01.2019 - vezi materiale si exemple
B6: 1.1. Cheltuieli salariale NETE | D6: 0 | E6: =SUM(E7:E8) -> 2515 | F6: =SUM(F7:F8) -> 2515 | G6: =SUM(G7:G8) -> 4615 | H6: =SUM(H7:H8) -> 4615 | I6: =SUM(I7:I8) -> 4615 | J6: =SUM(J7:J8) -> 4615 | K6: =SUM(K7:K8) -> 4615 | L6: =SUM(L7:L8) -> 4615 | ... O6: =SUM(O7:O8) -> 4615 | P6: =SUM(D6:O6) -> 46565 | Q6: =P6 -> 46565 | R6: Nota: salariile incluse in costuri sunt la limita inferioara a grilei de salarizare din 2019, in situatia in care nu reusiti sa recrutati salariati la acest nivel de salarii poyeti sa cresteti nivelul de salarizare
B7: Salariat 1 | D7: 0 | E7: 2515 | F7: 2515 | G7: 2515 | H7: 2515 | I7: 2515 | J7: 2515 | K7: 2515 | L7: 2515 | M7: 2515 | N7: 2515 | O7: 2515 | P7: =SUM(D7:O7) -> 27665 | Q7: =O7*12 -> 30180
B8: Salariat 2 | D8: 0 | E8: 0 | F8: 0 | G8: 2100 | H8: =G8 -> 2100 | I8: =H8 -> 2100 | J8: =I8 -> 2100 | K8: =J8 -> 2100 | L8: =K8 -> 2100 | M8: =L8 -> 2100 | N8: =M8 -> 2100 | O8: =N8 -> 2100 | P8: =SUM(D8:O8) -> 18900 | Q8: =O8*9 -> 18900 | R8: 2. Subventia va fi primita in 30 -45 zile de la semnarea contractului de finantare, pentru primele 2 luni cheltuielile cu salarii si taxe aferente vor fi realizate din resurse propri si de vor deconta ulterior din subventie.
B9: Salariat 3
B10: Salariat 4
B11: Salariat 5
B12: 1.2 Onorarii/ venituri asimilate salariilor pentru experți proprii/ cooptați | D12: =D13+D14 -> 0 | E12: =E13+E14 -> 0 | F12: =F13+F14 -> 0 | G12: =G13+G14 -> 0 | H12: =H13+H14 -> 0 | I12: =I13+I14 -> 0 | J12: =J13+J14 -> 0 | K12: =K13+K14 -> 0 | ... O12: =O13+O14 -> 0 | P12: =SUM(D12:O12) -> 0 | R12: 3. Cel de-al doilea angajat incepe activitatea in luna 4 - daca Dv. considerati ca nu reusiti sa finalizati complet investitia si nu aveti nevoie de inca un salariat, aveti in vedere decalarea angajarii cu 1 - 2 luni; Tineti cont ca prin contractul de finantare va angajati si TREBUIE sa creati 2 locuri de munca cel tarziu in luna a 6-a de la semnarea contractului de subventie.
B13: Expert cooptat | D13: 0 | P13: =SUM(D13:O13) -> 0
B14: Expert cooptat | D14: 0 | E14: =D14 -> 0 | F14: =E14 -> 0 | G14: =F14 -> 0 | H14: =G14 -> 0 | I14: =H14 -> 0 | J14: =I14 -> 0 | K14: =J14 -> 0 | L14: =K14 -> 0 | ... O14: =N14 -> 0 | P14: =SUM(D14:O14) -> 0
B15: 1.3. Contribuţii sociale aferente cheltuielilor salariale şi cheltuielilor asimilate acestora (contribuţii angajaţi şi angajatori) | D15: 0 | E15: =SUM(E16:E17) -> 1882 | F15: =SUM(F16:F17) -> 1882 | G15: =SUM(G16:G17) -> 3451 | H15: =SUM(H16:H17) -> 3451 | I15: =SUM(I16:I17) -> 3451 | J15: =SUM(J16:J17) -> 3451 | K15: =SUM(K16:K17) -> 3451 | L15: =SUM(L16:L17) -> 3451 | ... O15: =SUM(O16:O17) -> 3451 | P15: =SUM(D15:O15) -> 34823 | Q15: =P15 -> 34823 | R15: 4.Cheltuieli cu salariile sunt cheltuieli eigibile, Decontati intregul buget de salarii din subventie?
B16: Salariat 1 | D16: 0 | E16: 1882 | F16: =E16 -> 1882 | G16: =F16 -> 1882 | H16: =G16 -> 1882 | I16: =H16 -> 1882 | J16: =I16 -> 1882 | K16: =J16 -> 1882 | L16: =K16 -> 1882 | M16: =L16 -> 1882 | ... O16: =N16 -> 1882 | P16: =SUM(D16:O16) -> 20702 | Q16: =O16*12 -> 22584
B17: Salariat 2 | G17: 1569 | H17: =G17 -> 1569 | I17: =H17 -> 1569 | J17: =I17 -> 1569 | K17: =J17 -> 1569 | L17: =K17 -> 1569 | M17: =L17 -> 1569 | N17: =M17 -> 1569 | O17: =N17 -> 1569 | P17: =SUM(D17:O17) -> 14121 | Q17: =O17*9 -> 14121
B18: Salariat 3 | P18: =SUM(D18:O18) -> 0
B19: Salariat 4 | P19: =SUM(D19:O19) -> 0
B20: Salariat 5 | P20: =SUM(D20:O20) -> 0
B21: 2. Cheltuieli cu deplasarea personalului întreprinderilor nou-înfiinţate: | D21: =D22+D25+D28+D32 -> 0 | E21: =E22+E25+E28+E32 -> 0 | F21: =F22+F25+F28+F32 -> 0 | G21: 0 | H21: 0 | I21: 0 | J21: 0 | K21: 0 | L21: 0 | M21: 0 | N21: 0 | O21: 0 | P21: =SUM(D21:O21) -> 0
B22: 2.1 Cheltuieli pentru cazare | D22: =SUM(D23:D24) -> 0 | E22: =SUM(E23:E24) -> 0 | F22: =SUM(F23:F24) -> 0 | G22: =SUM(G23:G24) -> 0 | H22: =SUM(H23:H24) -> 0 | I22: =SUM(I23:I24) -> 0 | J22: =SUM(J23:J24) -> 0 | K22: =SUM(K23:K24) -> 0 | ... O22: =SUM(O23:O24) -> 0 | P22: =SUM(D22:O22) -> 0
B23: cazare 1 | P23: =SUM(D23:O23) -> 0
B24: Cazare 2 | P24: =SUM(D24:O24) -> 0
B25: 2.2 Cheltuieli cu diurna personalului propriu | D25: =SUM(D26:D27) -> 0 | E25: =SUM(E26:E27) -> 0 | F25: =SUM(F26:F27) -> 0 | G25: =SUM(G26:G27) -> 0 | H25: =SUM(H26:H27) -> 0 | I25: =SUM(I26:I27) -> 0 | J25: =SUM(J26:J27) -> 0 | K25: =SUM(K26:K27) -> 0 | ... O25: =SUM(O26:O27) -> 0 | P25: =SUM(D25:O25) -> 0
B26: Diurna Personal 1 | P26: =SUM(D26:O26) -> 0
B27: Diurna Personal 2 | P27: =SUM(D27:O27) -> 0
B28: 2.3 Cheltuieli pentru transportul persoanelor (inclusiv transportul efectuat cu mijloacele de transport în comun sau taxi, gară, autogară sau port şi locul delegării ori locul de cazare, precum şi transportul efectuat pe distanța dintre locul de cazare şi locul delegării) | D28: =SUM(D29:D30) -> 0 | E28: =SUM(E29:E30) -> 0 | F28: =SUM(F29:F30) -> 0 | G28: 0 | H28: 0 | I28: 0 | J28: 0 | K28: 0 | L28: 0 | M28: 0 | N28: 0 | O28: 0 | P28: =SUM(D28:O28) -> 0 | R28: 5. Aceste cheltuieli sunt eligibile insa fiind realizate de obicei in numerar sunt dificil de documentat, recomand ca acest tip de cheltuieli sa nu fie decontat din subventie
B29: Cheltuieli Transport materiale si marfuri | G29: 0 | H29: 0 | I29: 0 | J29: 0 | K29: 0 | L29: 0 | M29: 0 | N29: 0 | O29: 0 | P29: =SUM(D29:O29) -> 0
B30: Cheltuieli Transport 2 | P30: =SUM(D30:O30) -> 0
P31: =SUM(D31:O31) -> 0
B32: 2.4 Taxe şi asigurări de călătorie și asigurări medicale aferente deplasării | D32: 0 | E32: 0 | F32: 0 | G32: 0 | H32: 0 | I32: 0 | J32: 0 | K32: 0 | L32: 0 | M32: 0 | N32: 0
P33: =SUM(D33:O33) -> 0
B34: 3. Cheltuieli aferente diverselor achiziţii de servicii specializate, pentru care beneficiarul ajutorului de minimis nu are expertiza necesară | D34: =SUM(D35:D39) -> 0 | E34: =SUM(E35:E39) -> 400 | F34: =SUM(F35:F39) -> 400 | G34: =SUM(G35:G39) -> 400 | H34: =SUM(H35:H39) -> 400 | I34: =SUM(I35:I39) -> 400 | J34: =SUM(J35:J39) -> 400 | K34: =SUM(K35:K39) -> 400 | ... O34: =SUM(O35:O39) -> 400 | P34: =SUM(D34:O34) -> 4400 | R34: 6. Revizuiti cheltuielile cu contabilul dupa ce ati identificat unul si ati negociat un contract de servicii pe primul an care sa includa si asitenta pentru raportarea utilizarii subventiei.
B35: Servicii specializate contabilitatea | D35: 0 | E35: 400 | F35: =E35 -> 400 | G35: =F35 -> 400 | H35: =G35 -> 400 | I35: =H35 -> 400 | J35: =I35 -> 400 | K35: =J35 -> 400 | L35: =K35 -> 400 | M35: =L35 -> 400 | ... O35: =N35 -> 400 | P35: =SUM(D35:O35) -> 4400
B36: Servicii specializate juridic | D36: 0 | P36: =SUM(D36:O36) -> 0 | R36: 7. Deoarece prin proiect se asigura consultanta pentru infiintarea firmei, poteti redistribui aceste costuri pe alte linii bugetare e.g. Consultanta pentru obtinertea autorizatiilor de finctionare specifice.
B37: Servicii specializate tehnologie (securizare si autorizare) | E37: 0 | P37: =SUM(E37:O37) -> 0 | R37: 8. Cheltuielile de securizare/ asigurare efractie: functie de locatia si arhitectura magazinului, aveti in vedere si asigurarea/ securizarea depozitului de marfuri. Atentie la legislatia privind protectia datelor / imaginii personale la amplasarea camerelor de supraveghere si la utilizarea imaginilor stocate.
B38: Sistem de alarma | D38: 0 | P38: =SUM(D38:O38) -> 0
B39: Sistem supraveghere video | P39: =SUM(D39:O39) -> 0
B40: 4. Cheltuieli cu achiziția de active fixe corporale (altele decât terenuri și imobile), obiecte de inventar, materii prime și materiale, inclusiv materiale consumabile, alte cheltuieli pentru investiţii necesare funcţionării întreprinderilor | D40: =SUM(D41:D65) -> 0 | E40: =SUM(E41:E65) -> 55606 | F40: =SUM(F41:F54) -> 0 | G40: =SUM(G41:G54) -> 0 | H40: =SUM(H41:H54) -> 0 | I40: =SUM(I41:I54) -> 0 | J40: =SUM(J41:J54) -> 0 | K40: =SUM(K41:K54) -> 0 | L40: =SUM(L41:L54) -> 0 | M40: =SUM(M41:M54) -> 0 | ... O40: =SUM(O41:O54) -> 0 | P40: =SUM(D40:O40) -> 55606 | R40: 9. Actualizati intregul buget de investitii in mijloace fixe si obiecte de inventar, fiecare element al investitiei trebuie fundamentat cu 3 oferte, valoarea finala fiind la alegerea D-voastra functie de caracteristicile tehnice si functionale mai putin functie de pret.
B41: Rafturi amenajare spatiu magazin | D41: 0 | E41: 16000 | P41: =SUM(D41:O41) -> 16000 | R41: 10.Este recomandata decontarea din subventie a investitiei.
B42: Sistem antifurt pentru produsele din magazin | D42: 0 | E42: 5069 | P42: =SUM(D42:O42) -> 5069
B43: Distribuitor acrilic pentru hrana uscata | D43: 0 | E43: 3162 | P43: =SUM(D43:O43) -> 3162
B44: Cantar cu etichetare | D44: 0 | E44: 2900 | P44: =SUM(D44:O44) -> 2900
B45: PC , imprimanta multifunctionala | D45: 0 | E45: 4800 | P45: =SUM(D45:O45) -> 4800
B46: TV- monitor pentru camere video de supraveghere | D46: 0 | E46: 3200 | P46: =SUM(D46:O46) -> 3200
B47: Program vanzari, facturare | D47: 0 | E47: 2500 | P47: =SUM(D47:O47) -> 2500
B48: Sistem de alarma | D48: 0 | E48: 2000 | P48: =SUM(D48:O48) -> 2000
B49: Sistem supraveghere video | E49: 4045 | P49: =SUM(D49:O49) -> 4045
B50: Aer conditionat pentru magazin | D50: 0 | E50: 1834 | P50: =SUM(D50:O50) -> 1834 | R50: 11.Toate achizitiile documentate in disarul de achizitie, se fac pe baza de factura, plata prin transfer bancar, PV de receptie si punere in functiune.
B51: Caseta luminoasa - firma magazin | D51: 0 | E51: 1000 | P51: =SUM(D51:O51) -> 1000 | R51: Nota: principalul element de investitie este amenajarea magazinului. Determinarea valorii se realizeaza pe baza unui deviz de lucrari ( materiale+ manopera) realizat de o firma de constructii/arhitectura pe locatia indentificata si inchiriata/pre- contractata inclusa in documentele societatii ( punct de lucru).
B52: Traspalet marfa | D52: 0 | E52: 1585 | P52: =SUM(D52:O52) -> 1585
B53: Incaltaminte de protectie Pantofi/bocanci siguranta muncii pentru 2 angajati | D53: 0 | E53: 500 | P53: =SUM(D53:O53) -> 500
B54: Birou pentru PC + scaun | D54: 0 | E54: 530 | G54: 0 | H54: =G54 -> 0 | I54: =H54 -> 0 | J54: 0 | K54: =J54 -> 0 | L54: =K54 -> 0 | M54: 0 | N54: =M54 -> 0 | O54: =N54 -> 0 | P54: =SUM(D54:O54) -> 530
B55: Casa de marcat | D55: 0 | E55: 950 | P55: =SUM(D55:O55) -> 950
B56: Cititor coduri de bare | D56: 0 | E56: 1020 | P56: =SUM(D56:O56) -> 1020
B57: Imprimanta etichete | D57: 0 | E57: 1570 | P57: =SUM(D57:O57) -> 1570
B58: Imprimanta multifunctionala | D58: 0 | E58: 480 | P58: =SUM(D58:O58) -> 480
B59: Imprimanta termica POS | D59: 0 | E59: 350 | P59: =SUM(D59:O59) -> 350
B60: Marcator pret | D60: 0 | E60: 310 | P60: =SUM(D60:O60) -> 310
B61: Carduri fidelity | D61: 0 | E61: 650 | P61: =SUM(D61:O61) -> 650
B62: Sertar de bani | D62: 0 | E62: 226 | P62: =SUM(D62:O62) -> 226
B63: UPS back-up sistem de alimentatie | D63: 0 | E63: 465 | P63: =SUM(D63:O63) -> 465
B64: Scara aluminiu pentru aranjare marfa | D64: 0 | E64: 250 | P64: =SUM(D64:O64) -> 250
B65: Carucior pentru transport marfa | D65: 0 | E65: 210 | P65: =SUM(D65:O65) -> 210
B66: 5. Cheltuieli cu închirierea de sedii (inclusiv depozite), spații pentru desfășurarea diverselor activițăți ale întreprinderii, echipamente, vehicule, diverse bunuri | D66: =SUM(D67:D71) -> 2300 | E66: =SUM(E67:E71) -> 2300 | F66: =SUM(F67:F71) -> 2300 | G66: =SUM(G67:G71) -> 2300 | H66: =SUM(H67:H71) -> 2300 | I66: =SUM(I67:I71) -> 2300 | J66: =SUM(J67:J71) -> 2300 | K66: =SUM(K67:K71) -> 2300 | ... O66: =SUM(O67:O71) -> 2300 | P66: =SUM(D66:O66) -> 27600 | R66: 13. Identificati sediul/ punctul de lucru, incheiati pre-contracte de inchiriere/comodat si mentionati-le in actul constitutiv la societatii. Toate investitiile ( amenajarile) realizate in cadrul proiectului si decontate din subventie se amplaseaza fie la sediul social fie la punctul de lucru declarat si inregistrat la RC.
B67: Chirie sediu | D67: 2300 | E67: 2300 | F67: 2300 | G67: 2300 | H67: 2300 | I67: 2300 | J67: 2300 | K67: 2300 | L67: 2300 | M67: 2300 | N67: 2300 | O67: 2300 | P67: =SUM(D67:O67) -> 27600 | R67: 14.Chiria platita de firma pe baza contractului de inchiriere prin transfer bancar este cheltuiala eleigibila si se poate deconta din subventie
B68: Chirie spatii productie si depozitare | P68: =SUM(D68:O68) -> 0
B69: Chirie echipamente | P69: =SUM(D69:O69) -> 0
B70: Chirie vehicule | P70: =SUM(D70:O70) -> 0
B71: Chirie diverse bunuri | P71: =SUM(D71:O71) -> 0
B72: 6. Cheltuieli de leasing fără achiziție (leasing operațional) aferente funcţionării întreprinderilor (rate de leasing operațional plătite de întreprindere pentru: echipamente, vehicule, diverse bunuri mobile și imobile) | D72: =SUM(D73:D76) -> 0 | E72: =SUM(E73:E76) -> 0 | F72: =SUM(F73:F76) -> 0 | G72: =SUM(G73:G76) -> 0 | H72: =SUM(H73:H76) -> 0 | I72: =SUM(I73:I76) -> 0 | J72: =SUM(J73:J76) -> 0 | K72: =SUM(K73:K76) -> 0 | ... O72: =SUM(O73:O76) -> 0 | P72: =SUM(D72:O72) -> 0
B73: Echipamente | P73: =SUM(D73:O73) -> 0
B74: Vehicule | P74: =SUM(D74:O74) -> 0
B75: Bunuri Mobile | P75: =SUM(D75:O75) -> 0
B76: Bunuri imobile | P76: =SUM(D76:O76) -> 0
B77: 7. Utilităţi aferente funcţionării întreprinderilor | D77: =SUM(D78:D81) -> 0 | E77: =SUM(E78:E81) -> 100 | F77: =SUM(F78:F81) -> 100 | G77: =SUM(G78:G81) -> 100 | H77: =SUM(H78:H81) -> 100 | I77: =SUM(I78:I81) -> 100 | J77: =SUM(J78:J81) -> 100 | K77: =SUM(K78:K81) -> 100 | ... O77: =SUM(O78:O81) -> 100 | P77: =SUM(D77:O77) -> 1100 | R77: 15. Cheltuielile cu utilitatile sunt decontabile din subventie daca se fac in numele firmei in baza unor contracte cu furnizorii de utilitati incheiate pe firma, daca nu doriti sa faceti contract de furnizare pe societate, acestea pot fi incluse in contractul de chirie/ comodat al spatiului: sediu sau punct de lucru.
B78: Energie electrica | G78: 0 | H78: 0 | I78: 0 | J78: 0 | K78: 0 | L78: 0 | M78: 0 | N78: 0 | O78: 0 | P78: =SUM(D78:O78) -> 0
B79: Gaze | G79: 0 | H79: 0 | I79: 0 | J79: 0 | K79: 0 | L79: 0 | M79: 0 | N79: 0 | O79: 0 | P79: =SUM(D79:O79) -> 0
B80: Apa/canalizare | G80: 0 | H80: 0 | I80: 0 | J80: 0 | K80: 0 | L80: 0 | M80: 0 | N80: 0 | O80: 0 | P80: 0
B81: Internet + telefonie | E81: 100 | F81: 100 | G81: 100 | H81: 100 | I81: 100 | J81: 100 | K81: 100 | L81: 100 | M81: 100 | N81: 100 | O81: 100 | P81: =SUM(D81:O81) -> 1100
B82: 8. Servicii de administrare a clădirilor aferente funcţionării întreprinderilor | D82: =D83 -> 0 | E82: =E83 -> 0 | F82: =F83 -> 0 | G82: =G83 -> 0 | H82: =H83 -> 0 | I82: =I83 -> 0 | J82: =J83 -> 0 | K82: =K83 -> 0 | ... O82: =O83 -> 0 | P82: =SUM(D82:O82) -> 0
B83: Chltuieli intretinere | P83: =SUM(D83:O83) -> 0
B84: 9. Servicii de întreţinere şi reparare de echipamente şi mijloace de transport aferente funcţionării întreprinderilor | D84: =SUM(D85) -> 0 | E84: =SUM(E85) -> 0 | F84: =SUM(F85) -> 0 | G84: =SUM(G85) -> 0 | H84: =SUM(H85) -> 0 | I84: =SUM(I85) -> 0 | J84: =SUM(J85) -> 0 | K84: =SUM(K85) -> 0 | ... O84: =SUM(O85) -> 0 | P84: =SUM(D84:O84) -> 0
B85: Cheltuieli reparatii | P85: =SUM(D85:O85) -> 0
B86: 10. Arhivare de documente aferente funcţionării întreprinderilor | D86: =D87 -> 0 | E86: =E87 -> 0 | F86: =F87 -> 0 | G86: =G87 -> 0 | H86: =H87 -> 0 | I86: =I87 -> 0 | J86: =J87 -> 0 | K86: =K87 -> 0 | ... O86: =O87 -> 0 | P86: =SUM(D86:O86) -> 0
B87: Cheltuieli arhivare | P87: =SUM(D87:O87) -> 0
B88: 11. Amortizare de active aferente funcţionării întreprinderilor | F88: 0 | I88: 0 | L88: 0 | O88: 0 | P88: =SUM(D88:O88) -> 0 | R88: 16. Amortizarea nu se deconteaza din bugetul de subventie decat in cazul in care raman rezerve necheltuite pe celelalte lini de buget
B89: 12. Cheltuieli financiare şi juridice (notariale) aferente funcţionării întreprinderilor | D89: 400 | E89: =SUM(E90:E91) -> 0 | F89: =SUM(F90:F91) -> 0 | G89: =SUM(G90:G91) -> 0 | H89: =SUM(H90:H91) -> 0 | I89: =SUM(I90:I91) -> 0 | J89: =SUM(J90:J91) -> 0 | K89: =SUM(K90:K91) -> 0 | L89: =SUM(L90:L91) -> 0 | ... O89: =SUM(O90:O91) -> 0 | P89: =SUM(D89:O89) -> 400
B90: Cheltuieli financiare aferente functionarii | P90: =SUM(D90:O90) -> 0
B91: Cheltuieli juridice (notariale aferente functionarii | D91: 400 | P91: =SUM(D91:O91) -> 400
B92: 13. Conectare la reţele informatice aferente funcţionării întreprinderilor | D92: =D93 -> 0 | E92: =E93 -> 0 | F92: =F93 -> 0 | G92: =G93 -> 0 | H92: =H93 -> 0 | I92: =I93 -> 0 | J92: =J93 -> 0 | K92: =K93 -> 0 | ... O92: =O93 -> 0 | P92: =SUM(D92:O92) -> 0
B93: Cheltuieli conectare retele informatice | P93: =SUM(D93:O93) -> 0
B94: 14. Cheltuieli de informare şi publicitate aferente funcţionării întreprinderilor | D94: =SUM(D95:D99) -> 0 | E94: =SUM(E95:E99) -> 8000 | F94: =SUM(F95:F99) -> 3081 | G94: =SUM(G95:G99) -> 0 | H94: =SUM(H95:H99) -> 0 | I94: =SUM(I95:I99) -> 0 | J94: =SUM(J95:J99) -> 0 | K94: =SUM(K95:K99) -> 0 | ... O94: =SUM(O95:O99) -> 0 | P94: =SUM(D94:O94) -> 11081 | R94: 17. Cheltuielile de marketing/ servicii de promovare sunt decontate din subventie pe baza de contract/ factura si platite prin transfer bancar. Se recomanda identificarea uni furmizor de servicii care realizeaza pagina de web, facebook, va face promovarea on - line si produce di materialele tiparite de promovare: carti de vizita, flayere, etc.
B95: Cheltuieli cercetare de piata | P95: =SUM(D95:O95) -> 0
B96: Cheltuieli infiintare site si pagina facebook/ Instagram, magazin online | E96: 6000 | P96: =SUM(D96:O96) -> 6000
B97: Cheltuieli cu echipamente personalizate (tricouri cu logo firma) pentru inaugurare magazin | D97: 0 | E97: 2000 | P97: =SUM(D97:O97) -> 2000
B98: Cheltuieli materiale informative - afise/flyere | E98: 0 | F98: 3081 | P98: =SUM(D98:O98) -> 3081
B99: Personalizari tricouri cu logo firma pentru clienti la inaugurare | P99: =SUM(D99:O99) -> 0
B100: 15. Alte cheltuieli aferente funcţionării întreprinderilor | D100: =SUM(D101:D104) -> 0 | E100: =SUM(E101:E104) -> 0 | F100: =SUM(F101:F104) -> 0 | G100: =SUM(G101:G104) -> 0 | H100: =SUM(H101:H104) -> 0 | I100: =SUM(I101:I104) -> 0 | J100: =SUM(J101:J104) -> 0 | K100: =SUM(K101:K104) -> 0 | ... O100: =SUM(O101:O104) -> 0 | P100: =SUM(D100:O100) -> 0
...

Sheet investitia
B3: Investitia amortizabila (descriere detaliata) | C3: Pret unitar (Lei) Inclusiv TVA | D3: Nr. Unitati | E3: Valoare Totala (lei) | F3: Perioada de amortizare (ani) | K3: Cheltuieli cu amortizarea mijloacelor fixe aferente investitiei
B4: I.Active corporale cu valoare unitara mai mare de 2500 lei ( TVA inclus) | K4: I. Investitia - Active corporale | L4: Valoare Totala (lei) | M4: Perioada de amortizare(ani) | N4: Anul I Trim 1 | O4: Anul I Trim 2 | P4: Anul I Trim 3 | Q4: Anul I Trim 4 | R4: Total Anul 1 | S4: Anul II | T4: Anul III
B5: I. 1. Masini si echipamente de Productie/ Prestari servicii | D5: =SUM(D6:D10) -> 0 | E5: =SUM(E6:E11) -> 0 | F5: 5 | K5: =B5 -> I. 1. Masini si echipamente de Productie/ Prestari servicii | L5: =E5 -> 0 | M5: 5 | N5: 0 | O5: =L5/5/4 -> 0 | P5: =O5 -> 0 | Q5: =P5 -> 0 | R5: =SUM(N5:Q5) -> 0 | S5: =L5/M5 -> 0 | T5: =S5 -> 0
K6: =B12 -> I.2. Echipamente IT | L6: =E12 -> 4800 | M6: 3 | N6: =L6/M6/12*2 -> 266.66667 | O6: =L6/M6/4 -> 400 | P6: =O6 -> 400 | Q6: =P6 -> 400 | R6: =SUM(N6:Q6) -> 1466.6667 | S6: =L6/M6 -> 1600 | T6: =S6 -> 1600
K7: =B17 -> I. 3. Mobilier | L7: =E17 -> 16000 | M7: 5 | N7: 0 | O7: =L7/M7/4 -> 800 | P7: =O7 -> 800 | Q7: =P7 -> 800 | R7: =SUM(N7:Q7) -> 2400 | S7: =L7/M7/4 -> 800 | T7: =S7 -> 800
E8: =C8*D8 -> 0 | K8: Total Amorizare Active corporale | L8: =SUM(L5:L7) -> 20800 | N8: =SUM(N5:N7) -> 266.66667 | O8: =SUM(O5:O7) -> 1200 | P8: =SUM(P5:P7) -> 1200 | Q8: =SUM(Q5:Q7) -> 1200 | R8: =SUM(R5:R7) -> 3866.6667 | S8: =SUM(S5:S7) -> 2400 | T8: =SUM(T5:T7) -> 2400
E9: =C9*D9 -> 0 | K9: =B23 -> II. Investitia - Active necorporale | L9: Valoare Totala (lei) | M9: Perioada de amortizare(ani) | N9: Anul I Trim 1 | O9: Anul I Trim 2 | P9: Anul I Trim 3 | Q9: Anul I Trim 4 | R9: Total Anul 1 | S9: Anul II - Trim 1 | T9: Anul II - Trim 2
E10: =C10*D10 -> 0 | K10: =B25 -> II.1.Programe de calculator | L10: =E25 -> 2500 | M10: =F25 -> 3 | N10: =L10/M10/12*2 -> 138.88889 | O10: =L10/M10/4 -> 208.33333 | P10: =O10 -> 208.33333 | Q10: =P10 -> 208.33333 | R10: =SUM(N10:Q10) -> 763.88889 | S10: =L10/M10 -> 833.33333 | T10: =S10 -> 833.33333
E11: =C11*D11 -> 0
B12: I.2. Echipamente IT | D12: =SUM(D13:D16) -> 1 | E12: 4800 | F12: 3 | K12: =B26 -> II.2. Marci brevete | L12: =E26 -> 0 | M12: =F26 -> 0 | P12: =O12 -> 0 | Q12: =P12 -> 0 | R12: =SUM(N12:Q12) -> 0 | S12: =Q12 -> 0 | T12: =S12 -> 0
B13: echipament IT | C13: 4800 | D13: 1 | E13: 4800 | K13: =B27 -> II.3 Alte active necorporale | L13: =E27 -> 0 | M13: 3 | O13: =L13/M13/4 -> 0 | P13: =O13 -> 0 | Q13: =P13 -> 0 | R13: =SUM(N13:Q13) -> 0 | S13: =Q13 -> 0
K14: Total Cheltuieli de amortizare Active Necorporale | L14: =SUM(L10:L13) -> 2500 | N14: =SUM(N10:N13) -> 138.88889 | O14: =SUM(O10:O13) -> 208.33333 | P14: =SUM(P10:P13) -> 208.33333 | Q14: =SUM(Q10:Q13) -> 208.33333 | R14: =SUM(R10:R13) -> 763.88889 | S14: =SUM(S10:S13) -> 833.33333 | T14: =SUM(T10:T13) -> 833.33333
E15: 0 | K15: Total Cheltuieli cu amortizare active | L15: =L8+L14 -> 23300 | M15: =M8+M14 -> 0 | N15: =N8+N14 -> 405.55556 | O15: =O8+O14 -> 1408.3333 | P15: =P8+P14 -> 1408.3333 | Q15: =Q8+Q14 -> 1408.3333 | R15: =R8+R14 -> 4630.5556 | S15: =S8+S14 -> 3233.3333 | T15: =T8+T14 -> 3233.3333
E16: 0
B17: I. 3. Mobilier | C17: 16000 | D17: 1 | E17: 16000 | F17: 5
E18: =C18*D18 -> 0
E19: 0
E20: 0
B21: Total investitie in active corporale amortizabila | C21: Valoare (lei) | E21: =E5+E12+E17 -> 20800
B23: II. Investitia - Active necorporale | C23: Pret unitar (Lei) Inclusiv TVA | D23: Nr. Unitati | E23: Valoare Totala (lei) | F23: Perioada de amortizare (ani)
B24: II. Investitia - Active necorporale cu valoare unitara mai mare de 2500 lei ( TVA inclus)
B25: II.1.Programe de calculator | C25: 2500 | D25: 1 | E25: =C25*D25 -> 2500 | F25: 3
B26: II.2. Marci brevete
B27: II.3 Alte active necorporale
B29: Total investitie in active necorporale amortizabila | C29: Valoare (lei) | D29: 7 | E29: =SUM(E25:E28) -> 2500
B31: III. Obiecte de inventar ( valoare achizitie <2500 lei TVA inclus) | C31: Pret Unitar (Lei) | D31: Nr. Unitati | E31: Valoare Totala (lei)
B32: casa de marcat | D32: 1 | E32: =C32*D32 -> 0
B33: obiecte de inventar | C33: 13930 | D33: 1 | E33: =C33*D33 -> 13930
E34: =C34*D34 -> 0
D35: 0 | E35: =C35*D35 -> 0
E36: =C36*D36 -> 0
E37: =C37*D37 -> 0
E38: 0
B39: Total Cheltuieli cu obiectele de inventar | E39: =SUM(E32:E38) -> 13930
B41: IV. Amanenajari spatii de Productie /Prestari servicii/Comert | C41: Pret Unitar (Lei) | D41: Nr. Unitati | E41: Valoare Totala (lei)
B42: amenajare spatiu de productie si livrare
B43: amenajare birou si vestiar | E43: =C43*D43 -> 0
B44: amenajare depozit materii prime si materiale | E44: =C44*D44 -> 0
B45: Distribuire tricouri cu logo firma la inaugurare
E46: =C46*D46 -> 0
B49: V. Cheltuieli anterioare productiei | C49: Valoare unitara (lei) | D49: Nr. Unitati | E49: Valoare totala (lei)
B50: Cheltuieli anterioare productiei - total | D50: 3 | E50: =SUM(E51:E53) -> 400
B51: Cheltuieli juridice de infiintare si inregistrare a firmei din care CS 200 lei | C51: 400 | D51: 1 | E51: =C51*D51 -> 400
B52: Cheltuieli de securizare spatiu de lucru ( Sistem de supraveghere si antiefractie) | D52: 1
B53: Cheltuieli de informare si publicitate aferente functionarii intreprinderilor | D53: 1
B55: Structura Investitiei | C55: Valoare totala (lei) | D55: % din total investitie
B56: =B4 -> I.Active corporale cu valoare unitara mai mare de 2500 lei ( TVA inclus) | C56: =E21 -> 20800 | D56: =C56/C61 -> 0.55275047 | E56: x
B57: =B24 -> II. Investitia - Active necorporale cu valoare unitara mai mare de 2500 lei ( TVA inclus) | C57: =E29 -> 2500 | D57: =C57/C61 -> 0.066436354 | E57: x
B58: =B31 -> III. Obiecte de inventar ( valoare achizitie <2500 lei TVA inclus) | C58: =E39 -> 13930 | D58: =C58/C61 -> 0.37018336 | E58: x
B59: =B41 -> IV. Amanenajari spatii de Productie /Prestari servicii/Comert | C59: =E47 -> 0 | D59: 0 | E59: x
B60: =B49 -> V. Cheltuieli anterioare productiei | C60: =E50 -> 400 | D60: =C60/C61 -> 0.010629817 | E60: x
B61: Total Valoare Investitie si Ch. Anterioare Productiei | C61: =SUM(C56:C60) -> 37630 | D61: 1
B63: Planul de finantare al investitiei | C63: Valoare (lei) | D63: %
B64: 1. Necesarul de Finantare ( Valoarea investitiei), din care
B65: 1.1. Valoarea subvenției solicitate ( transa I si II) | C65: 178340 | D65: 1
B66: 1.2. Contribuție proprie (din surse proprii și atrase) (opțional) | C66: 0
B67: 2. Destinația fondurilor
B68: 2.1. Investiții și cheltuieli anterioare producției (autorizatii, avize, inregistrare firma) | C68: =C61 -> 37630 | D68: =C68/C70 -> 0.21100146
B69: 2.2. Cheltuieli operaționale în primele 12 luni | C69: =C65-C68 -> 140710 | D69: =C69/C70 -> 0.78899854
B70: Total | C70: 178340

Sheet venituri
B3: ESTIMAREA VENITURILOR
B4: Valoare Vanzari - Produs( lei/sortiment)/ perioada | D4: Cantitate ( nr. unitati produs/serviciu) | J4: Preț unitar mediu (lei/mp) | K4: an 1 | O4: Total an 1 | P4: an2 | Q4: An3 | V4: Valoarea vanzarilor/ produs/serviciu/an ca procent din volumul maxim al vanzarilor estimat pe an
D5: an 1 trim 1 | E5: an 1 trim 2 | F5: an 1 trim 3 | G5: an 1 trim 4 | H5: an 2 | I5: an 3 | K5: =D5 -> an 1 trim 1 | L5: =E5 -> an 1 trim 2 | M5: =F5 -> an 1 trim 3 | N5: =G5 -> an 1 trim 4 | W5: A1 tr1 | X5: A1 tr2 | Y5: A1 tr3 | Z5: A1 tr4 | AA5: An 2 | AB5: An 3
B6: 1 | C6: vanzari produse pentru animale de companie | E6: =100*3 -> 300 | F6: =200*3 -> 600 | G6: =F6 -> 600 | H6: =E6*4 -> 1200 | I6: =F6*4 -> 2400 | J6: 50 | K6: =D6*J6 -> 0 | L6: =E6*J6 -> 15000 | M6: =F6*J6 -> 30000 | N6: =G6*J6 -> 30000 | O6: =SUM(K6:N6) -> 75000 | P6: =H6*J6 -> 60000 | Q6: =I6*J6 -> 120000 | R6: =O6/O10 -> 0.19736842 | V6: =C6 -> vanzari produse pentru animale de companie | W6: =K6 -> 0 | X6: =L6 -> 15000 | Y6: =M6 -> 30000 | Z6: =N6 -> 30000 | AA6: =O6 -> 75000 | AB6: =P6 -> 60000
B7: 2 | C7: vanzari produse si unelte de gradinarit | E7: =100*3 -> 300 | F7: =300*3 -> 900 | G7: 400 | H7: 2000 | I7: =H7 -> 2000 | J7: 150 | K7: =D7*$J$7 -> 0 | L7: =E7*J7 -> 45000 | M7: =F7*J7 -> 135000 | N7: =G7*J7 -> 60000 | O7: =SUM(K7:N7) -> 240000 | P7: =H7*J7 -> 300000 | Q7: =I7*J7 -> 300000 | R7: =O7/O10 -> 0.63157895 | V7: =C7 -> vanzari produse si unelte de gradinarit | W7: =K7 -> 0 | X7: =L7 -> 45000 | Y7: =M7 -> 135000 | Z7: =N7 -> 60000 | AA7: =O7 -> 240000 | AB7: =P7 -> 300000
B8: 3 | C8: vanzari produse de fito-farmacie | E8: =100*3 -> 300 | F8: =200*3 -> 600 | G8: 400 | H8: =E8*4 -> 1200 | I8: =G8*4 -> 1600 | J8: 50 | L8: =E8*J8 -> 15000 | M8: =F8*J8 -> 30000 | N8: =G8*J8 -> 20000 | O8: =SUM(K8:N8) -> 65000 | P8: =H8*J8 -> 60000 | Q8: =I8*J8 -> 80000 | V8: =C8 -> vanzari produse de fito-farmacie | W8: =K8 -> 0 | X8: =L8 -> 15000 | Y8: =M8 -> 30000 | Z8: =N8 -> 20000 | AA8: =O8 -> 65000 | AB8: =P8 -> 60000
B10: Total cifra de afaceri ( lei) | J10: NA | K10: =SUM(K6:K9) -> 0 | L10: =SUM(L6:L9) -> 75000 | M10: =SUM(M6:M9) -> 195000 | N10: =SUM(N6:N9) -> 110000 | O10: =SUM(O6:O9) -> 380000 | P10: =SUM(P6:P9) -> 420000 | Q10: =SUM(Q6:Q9) -> 500000
B11: Total cifra de afaceri ( Euro) Rata de schimb 4.66 lei/euro | J11: 4.4585 | K11: =K10/$J$11 -> 0 | L11: =L10/$J$11 -> 16821.801 | M11: =M10/$J$11 -> 43736.683 | N11: =N10/$J$11 -> 24671.975 | O11: =O10/$J$11 -> 85230.459 | P11: =P10/$J$11 -> 94202.086 | Q11: =Q10/$J$11 -> 112145.34 | R11: =P11+Q11+Q11+Q11 -> 430638.11
O13: =O6/$O$10 -> 0.19736842
O14: =O7/$O$10 -> 0.63157895
O15: =O9/$O$10 -> 0
O16: =O10/$O$10 -> 1
R26: 0
R33: 0

Sheet cheltuieli
J1: =1059/I7 -> 0.4236
A2: Cheltuieli de exploatare anuale (operaţionale)
A3: Cheltuieli de producţie directe | C3: Cantitate/ Nr. Salariati | I3: PU (lei) | J3: An 1 | N3: An 1 Total | O3: An2 | P3: An 3
C4: A1tr1 | D4: A1tr2 | E4: A1tr3 | F4: A1tr4 | G4: A2tr1 | H4: A2tr2 | J4: tr 1 | K4: tr 2 | L4: tr 3 | M4: tr 4
A5: 1 | B5: Marfuri pentru vanzare | I5: 60% din pretul de vanzare | J5: =venituri!K10*40% -> 0 | K5: =60%*(venituri!L8+venituri!L7+venituri!L6) -> 45000 | L5: =60%*(venituri!M8+venituri!M7+venituri!M6) -> 117000 | M5: =60%*(venituri!N8+venituri!N7+venituri!N6) -> 66000 | N5: =60%*(venituri!O8+venituri!O7+venituri!O6) -> 228000 | O5: =60%*(venituri!P8+venituri!P7+venituri!P6) -> 252000 | P5: =60%*(venituri!Q8+venituri!Q7+venituri!Q6) -> 300000
A6: 2 | B6: Materiale auxiliare (ambalaje si alte materiale) | I6: 2% din pretul de vanzare | J6: =2%*venituri!K10 -> 0 | K6: =1%*(venituri!L6+venituri!L7+venituri!L8) -> 750 | L6: =1%*(venituri!M6+venituri!M7+venituri!M8) -> 1950 | M6: =1%*(venituri!N6+venituri!N7+venituri!N8) -> 1100 | N6: =1%*(venituri!O6+venituri!O7+venituri!O8) -> 3800 | O6: =1%*(venituri!P6+venituri!P7+venituri!P8) -> 4200 | P6: =1%*(venituri!Q6+venituri!Q7+venituri!Q8) -> 5000
A7: 3 | B7: Cheltuieli cu salarii ( manopera directa: salarii nete, inclusiv taxe şi contribuţii sociale si contributie firma) ex: 2500 lei salariu brut: 1430 lei ( 57,2%) - salariu net si 1070 lei (42,8%) -taxe si contributii ale angajatorului si angajatului | C7: 1 | D7: 2 | E7: 2 | F7: 2 | G7: 2 | H7: 2 | I7: 2500 | J7: =(C7*$I$7*3) -> 7500 | K7: =3*D7*$I$7 -> 15000 | L7: =3*E7*$I$7 -> 15000 | M7: =3*F7*I7 -> 15000 | N7: =SUM(J7:M7) -> 52500 | O7: =2800*2*12 -> 67200 | P7: =3000*2*12 -> 72000 | T7: =I7*57.2% -> 1430
A8: 4 | B8: Utilitati punct de lucru: Energie electrica, apa, energie termica, telefon si internet | I8: 400 lei/luna | J8: 0 | K8: =400*3 -> 1200 | L8: =400*3 -> 1200 | M8: =400*3 -> 1200 | N8: =SUM(J8:M8) -> 3600 | O8: =400*12 -> 4800 | P8: =O8 -> 4800 | T8: =I7-T7 -> 1070
A9: 5 | B9: Subansamble/piese de schimb | I9: masini si echipamente noi | J9: 0
A10: 7 | B10: Cheltuilei cu transportul materiilor prime/ materiale- produse finite ( combustibil) | I10: 500 lei/luna | J10: 0 | K10: =500*3 -> 1500 | L10: =K10 -> 1500 | M10: =L10 -> 1500 | N10: =SUM(J10:M10) -> 4500 | O10: =500*12 -> 6000 | P10: =O10 -> 6000
A11: 8 | B11: Alte cheltuieli directe(detaliaţi)
B12: Total cheltuieli directe | J12: =SUM(J5:J11) -> 7500 | K12: =SUM(K5:K11) -> 63450 | L12: =SUM(L5:L11) -> 136650 | M12: =SUM(M5:M11) -> 84800 | N12: =SUM(N5:N11) -> 292400 | O12: =SUM(O5:O11) -> 334200 | P12: =SUM(P5:P11) -> 387800
A13: Cheltuieli de producţie indirecte | T13: 2019 | U13: 2020 | V13: 2021
A14: 1 | B14: Administraţie si contabilitate - 1 salariat cu fractiune de norma (1 ora/zi) sau Onorarii experti/ servicii specializare de contabilitate/ tehnologie si juridice de infintare firma | I14: 400 lei luna - sv. Contabilitate; Ch cu asitenta juridica la infiinatre si autorizare 1500 lei | J14: =investitia!E51+1875 -> 2275 | K14: =(2500*3)/4 -> 1875 | L14: =K14 -> 1875 | M14: =L14 -> 1875 | N14: =SUM(J14:M14) -> 7900 | O14: =400*12 -> 4800 | P14: =400*12 -> 4800 | S14: Buget salarii Lei/an | T14: =N7 -> 52500 | U14: =O7 -> 67200 | V14: =P7 -> 72000
A15: 2 | B15: Cheltuieli de Birou/ Consumabile | I15: incluse in ch cu auxiliare
A16: 3 | B16: Cheltuieli de deplasare/delegatii | I16: incluse in ch cu transportul
A17: 4 | B17: Cheltuieli de Marketing si Promovare - realizare pagina Web/ mentenanta website firma, participari la evenimente specifice | I17: conform bugetului de marketing | J17: 2000 | K17: =150*3 -> 450 | L17: =K17 -> 450 | M17: 450 | N17: =SUM(J17:M17) -> 3350 | O17: 2000 | P17: 2000
A18: 5 | B18: Utilitati birou/ sediu social: Energie electrica, apa, energie termica, telefon si internet | I18: incluse in ch. Cu utilitatile de productie
A19: 6 | B19: Servicii sau lucrări subcontractate: autorizatii, abonamente, mentenanta , cheltuieli anterioare productiei de autorizare | I19: ch de autorizare - investitie | J19: =investitia!E53 -> 0 | N19: 1500 | O19: 1500 | P19: 1500
A20: 7 | B20: Chirie punct de lucru | I20: 100mp= 400 Euro/luna | J20: 0 | K20: =300*4.7*3 -> 4230 | L20: =K20 -> 4230 | M20: =L20 -> 4230 | N20: =SUM(J20:M20) -> 12690 | O20: =M20*4 -> 16920 | P20: =O20 -> 16920 | Q20: =P20/12 -> 1410
A21: 8 | B21: Cheltuieli de leasing fara achizitie
B22: Alte cheltuieli indirecte(detaliaţi) - amortizare investitie | I22: amortizare totala/ perioada | J22: =investitia!N15 -> 405.55556 | K22: =investitia!O15 -> 1408.3333 | L22: =investitia!P15 -> 1408.3333 | M22: =investitia!Q15 -> 1408.3333 | N22: =investitia!R15 -> 4630.5556 | O22: =investitia!S15 -> 3233.3333 | P22: =investitia!T15 -> 3233.3333
A23: 9 | B23: Alte cheltuieli indirecte(detaliaţi) - si cheltuieli cu ob. Inventar, securizarea si amenajarea spatiilor de productie/prestari servicii | I23: detaliat in descrierea investitiei si a ch. Anterioare productiei | J23: =investitia!E52+investitia!E47+investitia!E39 -> 13930
B24: Total cheltuieli indirecte | J24: =SUM(J14:J23) -> 18610.556 | K24: =SUM(K14:K23) -> 7963.3333 | L24: =SUM(L14:L23) -> 7963.3333 | M24: =SUM(M14:M23) -> 7963.3333 | N24: =SUM(N14:N23) -> 30070.556 | O24: =SUM(O14:O23) -> 28453.333 | P24: =SUM(P14:P23) -> 28453.333
A25: TOTAL CHELTUIELI | J25: =J12+J24 -> 26110.556 | K25: =K12+K24 -> 71413.333 | L25: =L12+L24 -> 144613.33 | M25: =M12+M24 -> 92763.333 | N25: =N12+N24 -> 322470.56 | O25: =O12+O24 -> 362653.33 | P25: =P12+P24 -> 416253.33 | R25: =N25+O25+P25 -> 1101377.2
M28: An 2019 | N28: An 2020 | O28: An 2021
B29: =B12 -> Total cheltuieli directe | L29: Ch. Directe | M29: =N12 -> 292400 | N29: =O12 -> 334200 | O29: =P12 -> 387800 | P29: =Q12 -> 0
B30: =B24 -> Total cheltuieli indirecte | L30: Ch. Indirecte | M30: =N24 -> 30070.556 | N30: =O24 -> 28453.333 | O30: =P24 -> 28453.333 | P30: =Q24 -> 0
B31: =A25 -> TOTAL CHELTUIELI | M31: =N25 -> 322470.56 | N31: =O25 -> 362653.33 | O31: =P25 -> 416253.33 | P31: =Q25 -> 0
C36: An 1 | D36: An 2 | E36: An 3
B37: Total Ch Directe | C37: =M29 -> 292400 | D37: =N29 -> 334200 | E37: =O29 -> 387800
B38: Total Ch Indirecte | C38: =M30 -> 30070.556 | D38: =N30 -> 28453.333 | E38: =O30 -> 28453.333
B39: Total Cheltuieli | C39: =M31 -> 322470.56 | D39: =N31 -> 362653.33 | E39: =O31 -> 416253.33
